 Dungeon Crawl Stone Soup version 0.25.1-4-g9407a263a5 (webtiles) character file.

Game seed: 574491658523663291

55 Erymatos the Chopper (level 3, 0/34 HPs)
             Began as a Minotaur Berserker on Nov 27, 2020.
             Was a Believer of Trog.
             Slain by Sigmund
             ... wielding a +0 scythe
              (3 damage)
             ... on level 2 of the Dungeon.
             The game lasted 00:02:06 (1375 turns).

Erymatos the Chopper (Minotaur Berserker)           Turns: 1375, Time: 00:02:07

Health: 0/34       AC:  5    Str: 22    XL:     3   Next: 67%
Magic:  11/11      EV: 11    Int:  4    God:    Trog [**....]
Gold:   82         SH:  0    Dex:  9    Spells: 2/2 levels left

rFire    . . .     SeeInvis .   a - +0 hand axe
rCold    . . .     Gourm    .   (no shield)
rNeg     . . .     Faith    .   k - +0 ring mail (curse)
rPois    .         Spirit   .   (helmet restricted)
rElec    .         Reflect  .   (no cloak)
rCorr    .         Harm     .   (no gloves)
MR       ++...                  (no boots)
Stlth    ..........             (no amulet)
HPRegen  1.11/turn              e - ring of magical power
MPRegen  0.12/turn              (no ring)

@: berserk cooldown, regenerating, slowed, very slow
A: retaliatory headbutt, horns 2
a: Berserk, Trog's Hand, Renounce Religion


You were on level 2 of the Dungeon.
You worshipped Trog.
Trog was pleased with you.
You were very hungry.

You visited 1 branch of the dungeon, and saw 2 of its levels.

You collected 82 gold pieces.

Inventory:

Hand Weapons
 a - a +0 hand axe (weapon)
Armour
 b - a +0 animal skin
 k - a cursed +0 ring mail (worn)
Jewellery
 e - a ring of magical power (left hand)
Scrolls
 d - a scroll of remove curse {unknown}
 g - 2 scrolls of identify {unknown}
 j - a scroll of teleportation {unknown}
Potions
 h - a potion of curing {unknown}
 i - a potion of flight {unknown}
Comestibles
 c - 3 rations
 f - 4 chunks of flesh


   Skills:
 + Level 4.4 Fighting
 + Level 4.6 Axes
 + Level 2.5 Armour
 + Level 2.6 Dodging


You had 2 spell levels left.
You didn't know any spells.
Your spell library was empty.

Dungeon Overview and Level Annotations

Branches:
Dungeon (2/15)

Altars:

Annotations:
D:2 Sigmund


Innate Abilities, Weirdness & Mutations

You reflexively headbutt those who attack you in melee.
You have a pair of horns on your head.


Message History

The kobold shouts!
The adder bites you but does no damage. Something hits you.
* * * LOW HITPOINT WARNING * * *
The adder closely misses you.
You hit something. You barely miss the adder.
The adder bites you but does no damage. The adder closely misses you.
Something hits you!
* * * LOW HITPOINT WARNING * * *
Unknown command.
You hit something. You headbutt something! You closely miss the adder.
The adder completely misses you. You furiously retaliate!
You headbutt the adder.
You hear some strange, mumbled words.
A puff of flame appears from out of thin air!
The puff of flame misses you. The adder closely misses you. Something hits you.
* * * LOW HITPOINT WARNING * * *
The adder bites you but does no damage.
You hit something. You closely miss the adder. The adder barely misses you.
The adder closely misses you. Something hits you.
You die...

.... . .... .. ... ...
...## .. ... ...###.#
#.# ...K.# #.# # #S{#
#.# # #####.@# #.# #
#......# #.# # #.####.#
#.##########
#.####.#####.).รท.......
...............#########
##.####.....#.## ##
#####...# #. ##..# ##:
#..# ####..


You could see an adder and a kobold.

Vanquished Creatures
  Natasha (D:2)
  A dart slug (D:1)
  A ball python (D:1)
  3 giant cockroaches
  2 goblins (D:1)
  5 hobgoblins
  3 jackals (D:1)
  A bat (D:1)
  5 kobolds (D:1)
  7 rats
  2 toadstools (D:1)
31 creatures vanquished.

Vanquished Creatures (others)
  2 toadstools (D:1)
2 creatures vanquished.

Grand Total: 33 creatures vanquished

Notes
Turn   | Place    | Note
-------+----------+-------------------------------------------
     0 | D:1      | Erymatos the Minotaur Berserker began the quest for the
                  | Orb.
     0 | D:1      | Reached XP level 1. HP: 19/19 MP: 0/0
   386 | D:1      | Reached XP level 2. HP: 27/27 MP: 1/1
   934 | D:1      | Reached ** piety under Trog
  1163 | D:2      | Noticed Natasha
  1166 | D:2      | Killed Natasha
  1166 | D:2      | Reached XP level 3. HP: 34/34 MP: 2/2
  1360 | D:2      | Noticed Sigmund
  1374 | D:2      | HP: 1/34 [something (2)]
  1375 | D:2      | Slain by Sigmund

Illustrated notes

Levels and vault maps discovered:
D:1:      ldierk_water_garden, layout_rooms, serial_forest,
          infiniplex_forest_lined_corner, infiniplex_forest_lined_2,
          infiniplex_forest_3_way, infiniplex_forest_straight_3,
          infiniplex_forest_end_3, infiniplex_forest_clump_small,
          infiniplex_forest_zigzag_1, wad_floor_pattern_untrapped,
          minmay_pentomino_w2
D:2:      layout_rooms, tso_metal_star, okawaru_ov_weapons_minmay, uniq_natasha,
          uniq_sigmund

Skill      XL: |  1  2 |
---------------+-------+-----
Axes           | 4 |  4.6
Fighting       | 4 |  4.4
Armour         | |  2.5
Dodging        | |  2.6

Action                   || total
-------------------------++-------
Melee: Hand axe          ||    76
       Headbutt          ||     8
Invok: Berserk           ||     2
       Trog's Hand       ||     1
  Eat: Chunk             ||     2
Armor: Animal skin       ||    10
       Ring mail         ||     6
Dodge: Dodged            ||    49
